 Dungeon Crawl Stone Soup version 0.18.1-50-g88ac8fd (webtiles) character file.

84 mopl the Insei (level 4, 0/24 HPs)
             Began as a Vine Stalker Monk on July 25, 2018.
             Slain by a jackal (1 damage)
             ... on level 3 of the Dungeon.
             The game lasted 00:02:47 (1246 turns).

mopl the Insei (Vine Stalker Monk)                  Turns: 1246, Time: 00:02:48

Health: 0/24       AC:  4    Str: 13    XL:     4   Next: 46%
Magic:  0/5        EV: 14    Int: 10    God:
Gold:   154        SH:  0    Dex: 18    Spells: 0 memorised, 3 levels left

rFire  . . .     SeeInvis .       - Unarmed
rCold  . . .     Gourm    .     a - +0 robe
rNeg   . . .     Faith    .     (no shield)
rPois  .         Spirit   +     (no helmet)
rElec  .         Dismiss  .     (no cloak)
rCorr  .         Reflect  .     t - +1 pair of gloves
SustAt .         Harm     .     (no boots)
MR     .....                    (no amulet)
Stlth  +++.......               (no ring)
                                (no ring)

@: not resistant to hostile enchantments, fairly stealthy
A: fangs 2, regeneration 1, magic shield, antimagic bite, no device heal 3, rot
immunity
a: no special abilities


You were on level 3 of the Dungeon.
You were not hungry.

You visited 1 branch of the dungeon, and saw 3 of its levels.

You collected 154 gold pieces.

Inventory:

Hand Weapons
 j - a +0 dagger
 q - a +0 short sword
Missiles
 u - 7 poisoned tomahawks (quivered)
Armour
 a - a +0 robe (worn)
 t - a +1 pair of gloves (worn)
Wands
 v - a wand of disintegration (9/24)
Scrolls
 d - 3 scrolls of magic mapping {unknown}
 f - a scroll of remove curse {unknown}
 i - 2 scrolls of identify {unknown}
 m - a scroll of noise {unknown}
 o - a scroll of amnesia {unknown}
 r - a scroll of recharging {unknown}
Potions
 c - a potion of berserk rage {unknown}
 e - 3 potions of invisibility {unknown}
 g - a potion of might {unknown}
 h - a potion of brilliance {unknown}
 l - a potion of flight {unknown}
 n - a potion of lignification {unknown}
Comestibles
 b - 3 bread rations
 k - 3 fruits
 p - 4 chunks of flesh
 s - a slice of pizza


   Skills:
 + Level 3.3 Fighting
 + Level 1.3 Armour
 + Level 3.0 Dodging
 + Level 3.2 Stealth
 - Level 4.0 Unarmed Combat
 * Level 0.1 Evocations


You had 3 spell levels left.
You didn't know any spells.

Dungeon Overview and Level Annotations

Branches:
Dungeon (3/15)

Altars:
Fedhas

Annotations:
D:2 Natasha, Sigmund


Innate Abilities, Weirdness & Mutations

You have extremely sharp teeth.
Your natural rate of healing is unusually fast.
When hurt, damage is shared between your health and your magic reserves.
Your bite disrupts and absorbs the magic of your enemies.
Potions and wands cannot restore your health.
You are immune to rotting.


Message History

The jackal barks!
You punch the jackal!
You kill the jackal!
The orc wizard misses you. The orc wizard barely misses you.
The jackal closely misses you. The orc wizard casts a spell at you.
The puff of flame hits you!
* * * LOW HITPOINT WARNING * * *
The jackal bites you.
* * * LOW HITPOINT WARNING * * *
Unknown command.
You hit the jackal. You bite the jackal. You drain its power.
You feel invigorated.
You kill the jackal!
The orc wizard points at you and mumbles some strange words.
The magic dart hits you!
* * * LOW HITPOINT WARNING * * *
The jackal bites you.
You die...

#.).o# #..#.# #.##.# ##.##.#
###o.##†# #.o..##)# #
###o##.##.####
#.#############†oo##.......#
.....#.....##h@.####.......#
.............<### #.......#
.......÷.....## #.......#
.............# #.......#
.............# #.......#
.............# #.##.####
.............# #.##.#
.............# #.##.#
............## #....#


You could see an orc priest, an orc wizard, 3 orcs and a jackal.

Vanquished Creatures
  2 adders
  2 oozes (D:1)
  A worm (D:2)
  3 dart slugs (D:1)
  3 giant geckos
  2 orcs (D:3)
  2 bats (D:1)
  3 giant cockroaches
  5 goblins
  5 hobgoblins
  5 jackals
  5 kobolds
  3 rats
41 creatures vanquished.

Notes
Turn   | Place    | Note
--------------------------------------------------------------
     0 | D:1      | mopl the Vine Stalker Monk began the quest for the Orb.
     0 | D:1      | Reached XP level 1. HP: 11/11 MP: 2/2
   155 | D:1      | Reached XP level 2. HP: 13/16 MP: 3/3
   276 | D:1      | Reached skill level 1 in Armour
   433 | D:1      | Reached XP level 3. HP: 17/19 MP: 2/4
   444 | D:1      | Reached skill level 3 in Stealth
   688 | D:1      | Reached skill level 3 in Fighting
   940 | D:2      | Reached XP level 4. HP: 16/24 MP: 3/5
  1016 | D:2      | Noticed Sigmund
  1018 | D:2      | Found a blossoming altar of Fedhas.
  1136 | D:2      | Noticed Natasha
  1148 | D:3      | Reached skill level 3 in Dodging
  1246 | D:3      | HP: 1/24 [orc wizard/magic dart (5)]
  1246 | D:3      | Slain by a jackal

Skill      XL: |  1  2  3  4 |
---------------+-------------+-----
Armour         | 1 |  1.3
Stealth        | 3 |  3.2
Fighting       | 3 |  3.3
Dodging        | 3 |  3.0
Unarmed Combat | |  4.0
Evocations     | |  0.1

Action                   |  1- 3 |  4- 6 || total
-------------------------+-------+-------++-------
Melee: Unarmed           |   120 |    37 ||   157
       Bite              |    34 |     9 ||    43
       Punch             |     3 |       ||     3
 Stab: Sleeping          |     7 |     2 ||     9
  Eat: Chunk             |       |     1 ||     1
Armor: Robe              |    10 |    12 ||    22
Dodge: Dodged            |    65 |    27 ||    92
